[Event "42nd Olympiad Baku 2016 Women"]
[Site "Baku"]
[Date "2016.09.08"]
[Round "6.9"]
[White "Steil-Antoni, Fiona"]
[Black "Al-Rufaye, Iman Hasan Mohammed"]
[Result "1-0"]
[ECO "C28"]
[WhiteElo "2159"]
[BlackElo "2001"]
[Annotator ""]
[PlyCount "125"]
[EventDate "2016.??.??"]
[EventType "team-tourn"]
[EventCountry "AZE"]
[SourceTitle "playchess.com"]
[Source "ChessBase"]
[WhiteTeam "Luxembourg"]
[BlackTeam "Iraq"]
[WhiteTeamCountry "LUX"]
[BlackTeamCountry "IRQ"]
[TimeControl "40/5400+30:1800+30"]

1. e4 {(00:00} e5 {(00:00} 2. Bc4 {(00:00} Nc6 {
(00:07} 3. Nc3 {(00:17} Nf6 {(02:41} 4. d3 {(00:
11} Bc5 {(00:50} 5. f4 {(00:32} d6 {(00:49} 6. Nf3 {
(00:26} Bg4 {(18:57} 7. Na4 {(03:26} Nd4 {(25:
58} 8. Nxc5 {(05:00} dxc5 {(00:07} 9. c3 {(21:39}
Nxf3+ {(05:29} 10. gxf3 {(00:34} Nxe4 {(00:38} 11. O-O
{(21:39} Bh3 {(21:03} 12. fxe4 {(00:42} Bxf1 {(
03:19} 13. Qxf1 {(00:02} exf4 {(00:08} 14. Bxf4 {(02:
34} O-O {(00:47} 15. Qg2 {(01:40} Kh8 {(01:52} 16. Kh1
{(02:14} c6 {(03:45} 17. Rg1 {(02:01} Qf6 {(00:
17} 18. Bd6 {(01:03} b5 {(02:59} 19. Bxf8 {(03:25}
Rxf8 {(00:10} 20. Bb3 {(00:12} a5 {(00:16} 21. Bd1 {
(04:11} g6 {(01:11} 22. Rf1 {(02:13} Qe6 {(00:
59} 23. Qf2 {(02:20} c4 {(03:30} 24. Qf6+ {(05:49}
Qxf6 {(00:14} 25. Rxf6 {(00:02} cxd3 {(00:11} 26. Rxc6
{(00:55} Re8 {(04:47} 27. Rd6 {(01:50} Rxe4 {(
00:18} 28. Rxd3 {(00:18} f5 {(00:29} 29. Kg2 {(00:23}
h6 {(00:39} 30. Bf3 {(00:31} Rh4 {(00:49} 31. Rd5 {
(03:03} b4 {(00:23} 32. Rxa5 {(04:13} bxc3 {(00:
13} 33. bxc3 {(00:11} Kg7 {(00:18} 34. Rd5 {(03:33}
Ra4 {(00:59} 35. Rd2 {(00:15} g5 {(00:16} 36. h3 {
(00:46} g4 {(01:37} 37. hxg4 {(00:36} fxg4 {(00:
04} 38. Bd1 {(00:29} Rc4 {(00:36} 39. Rd4 {(00:58}
Rxc3 {(00:16} 40. Rxg4+ {(00:00} Kf6 {(00:00} 41. a4 {
(01:27} Ra3 {(05:41} 42. Bf3 {(13:18} Ra2+ {(04:
42} 43. Kg3 {(00:22} Ra3 {(02:19} 44. Rh4 {(05:14} Kg7
{(11:30} 45. Kf2 {(01:00} Ra2+ {(00:25} 46. Be2 {
(00:11} Kg6 {(00:48} 47. Rb4 {(02:41} Kf6 {(00:
36} 48. Rb6+ {(03:14} Kg7 {(03:34} 49. Rb7+ {(02:03}
Kf6 {(00:11} 50. Ra7 {(01:15} h5 {(00:19} 51. a5 {
(01:01} h4 {(00:20} 52. a6 {(00:37} Kg6 {(01:10]
} 53. Rb7 {(01:53} Kg5 {(02:22} 54. Rb5+ {(02:59} Kf6 {
(00:20} 55. Rb4 {(00:39} Ke7 {(00:56} 56. Rxh4 {
(00:23} Kd6 {(00:08} 57. Rh7 {(02:37} Kc5 {(01:
43} 58. Ke3 {(00:26} Ra3+ {(00:29} 59. Bd3 {(00:12}
Kc6 {(02:35} 60. Kd4 {(00:23} Ra4+ {(00:45} 61. Bc4 {
(00:14} Rb4 {(00:39} 62. a7 {(01:51} Kb6 {(00:
46} 63. a8=R {(01:35} 1-0

[Event "42nd Olympiad Baku 2016 Women"]
[Site "Baku"]
[Date "2016.09.08"]
[Round "6.23"]
[White "Stojanovic, Marija R"]
[Black "Enkhtuul, Altan-Ulzii"]
[Result "0-1"]
[ECO "B03"]
[WhiteElo "2127"]
[BlackElo "2288"]
[Annotator ""]
[PlyCount "96"]
[EventDate "2016.??.??"]
[EventType "team-tourn"]
[EventCountry "AZE"]
[SourceTitle "playchess.com"]
[Source "ChessBase"]
[WhiteTeam "Montenegro"]
[BlackTeam "Mongolia"]
[WhiteTeamCountry "MNE"]
[BlackTeamCountry "MGL"]
[TimeControl "40/5400+30:1800+30"]

1. e4 {(00:00} Nf6 {(00:00} 2. e5 {(00:37} Nd5 {
(00:00} 3. d4 {(00:34} d6 {(00:00} 4. c4 {(00:
42} Nb6 {(00:00} 5. exd6 {(00:07} cxd6 {(00:00} 6. Nc3
{(01:53} g6 {(00:00} 7. Be3 {(00:56} Bg7 {(00:
14} 8. Rc1 {(02:17} O-O {(00:12} 9. b3 {(02:21} a6 {
(02:18} 10. h3 {(04:58} Bf5 {(05:59} 11. Nf3 {(
03:15} d5 {(01:33} 12. c5 {(02:35} Nc8 {(00:08} 13.
Bd3 {(08:26} Bxd3 {(00:17} 14. Qxd3 {(00:05} Nc6 {
(00:09} 15. O-O {(01:23} e6 {(00:37} 16. a3 {(
01:48} N8e7 {(00:33} 17. Na4 {(01:59} Nf5 {(02:24} 18.
Nb6 {(01:56} Ra7 {(00:07} 19. b4 {(01:36} h6 {(
07:42} 20. Rfd1 {(03:44} Kh7 {(01:40} 21. Qc3 {(03:45}
Qc7 {(21:12} 22. a4 {(11:37} Nxe3 {(13:37} 23. fxe3 {
(00:08} Ne7 {(00:10} 24. b5 {(06:59} Nf5 {(00:
24} 25. Nxd5 {(01:59} Qg3 {(03:20} 26. Nf4 {(03:02}
axb5 {(00:48} 27. axb5 {(00:15} Ra2 {(01:42} 28. Rd2 {
(04:52} Rfa8 {(01:02} 29. Rxa2 {(03:42} Rxa2 {(
00:16} 30. Qe1 {(00:39} g5 {(08:21} 31. Qxg3 {(05:58}
Nxg3 {(00:11} 32. c6 {(03:10} bxc6 {(00:05} 33. bxc6 {
(00:05} Ra8 {(00:17} 34. Nd3 {(06:32} Ne2+ {(00:
08} 35. Kf2 {(00:24} Nxc1 {(00:06} 36. Nxc1 {(00:03}
Rc8 {(00:53} 37. Nd3 {(02:26} Rxc6 {(00:08} 38. Nd2 {
(01:05} Rc2 {(01:16} 39. Ke2 {(00:06} Bf8 {(00:
27} 40. Ne1 {(00:00} Ra2 {(00:00} 41. Nd3 {(02:48} f6
{(01:02} 42. Nc1 {(03:14} Rc2 {(03:46} 43. Nd3 {
(00:37} Kg6 {(02:44} 44. Ne1 {(03:33} Ra2 {(00:
32} 45. Kd3 {(02:55} Bb4 {(00:49} 46. Ndf3 {(00:25}
Bxe1 {(02:01} 47. Nxe1 {(00:05} f5 {(00:13} 48. Nc2 {
(01:55} h5 {(01:22} 0-1

[Event "42nd Olympiad Baku 2016 Women"]
[Site "Baku"]
[Date "2016.09.08"]
[Round "6.29"]
[White "Stojkovska, Monika"]
[Black "Mirza, Diana"]
[Result "1-0"]
[ECO "B48"]
[WhiteElo "2033"]
[BlackElo "1948"]
[Annotator ""]
[PlyCount "61"]
[EventDate "2016.??.??"]
[EventType "team-tourn"]
[EventCountry "AZE"]
[SourceTitle "playchess.com"]
[Source "ChessBase"]
[WhiteTeam "Macedonia"]
[BlackTeam "Ireland"]
[WhiteTeamCountry "MKD"]
[BlackTeamCountry "IRL"]
[TimeControl "40/5400+30:1800+30"]

1. e4 {(00:00} c5 {(00:00} 2. Nf3 {(00:00} e6 {(
00:00} 3. Nc3 {(00:00} Nc6 {(00:00} 4. d4 {(00:00}
cxd4 {(00:05} 5. Nxd4 {(00:00} Qc7 {(00:06} 6. Be3 {
(00:18} a6 {(00:15} 7. Bd3 {(00:16} Nf6 {(01:22]
} 8. O-O {(00:21} b5 {(01:01} 9. Nxc6 {(02:17} Qxc6 {
(00:54} 10. a3 {(00:29} Bb7 {(12:03} 11. Qe2 {(
01:28} Be7 {(05:24} 12. f4 {(00:52} h5 {(04:28} 13. h3
{(06:48} h4 {(13:52} 14. Rae1 {(31:48} Nh5 {(18:
45} 15. Qg4 {(04:20} O-O-O {(00:49} 16. Ne2 {(09:50}
Nf6 {(06:49} 17. Qf3 {(01:24} Bc5 {(05:39} 18. Nd4 {
(02:05} Qb6 {(00:21} 19. c3 {(01:03} Qc7 {(04:
15} 20. a4 {(04:19} bxa4 {(05:10} 21. Ra1 {(01:31} Nh5
{(06:30} 22. Rxa4 {(01:33} f5 {(02:39} 23. Bxa6 {
(02:43} fxe4 {(00:19} 24. Qxe4 {(03:22} Ng3 {(
00:28} 25. Bxb7+ {(10:39} Qxb7 {(00:09} 26. Ra8+ {(09:
25} Kc7 {(00:07} 27. Qe5+ {(00:10} Kb6 {(04:29} 28.
Rxd8 {(00:48} Rxd8 {(00:02} 29. b4 {(01:07} Nxf1 {
(03:04} 30. Qxc5+ {(00:19} Ka6 {(00:15} 31. Qa5# {
(00:12} 1-0

[Event "42nd Olympiad Baku 2016 Women"]
[Site "Baku"]
[Date "2016.09.08"]
[Round "6.28"]
[White "Sucikova, Svetlana"]
[Black "Raeva, Elitsa"]
[Result "1/2-1/2"]
[ECO "A25"]
[WhiteElo "2112"]
[BlackElo "2232"]
[Annotator ""]
[PlyCount "100"]
[EventDate "2016.??.??"]
[EventType "team-tourn"]
[EventCountry "AZE"]
[SourceTitle "playchess.com"]
[Source "ChessBase"]
[WhiteTeam "Slovakia"]
[BlackTeam "Bulgaria"]
[WhiteTeamCountry "SVK"]
[BlackTeamCountry "BUL"]
[TimeControl "40/5400+30:1800+30"]

1. c4 {(00:00} e5 {(00:00} 2. Nc3 {(00:17} Nc6 {
(00:02} 3. g3 {(00:42} f5 {(00:18} 4. Bg2 {(00:
46} Nf6 {(00:11} 5. e3 {(04:11} d5 {(00:48} 6. cxd5 {
(02:14} Nb4 {(00:48} 7. d3 {(03:43} Nfxd5 {(03:
56} 8. Nxd5 {(03:03} Nxd5 {(00:08} 9. a3 {(04:16} Nf6
{(04:20} 10. Ne2 {(03:30} Bd6 {(10:41} 11. Nc3 {
(07:14} c6 {(02:35} 12. O-O {(03:31} O-O {(06:
20} 13. b4 {(05:03} Be6 {(08:20} 14. Bb2 {(06:00} Qd7
{(02:42} 15. Na4 {(01:55} Qe7 {(06:46} 16. Qc2 {
(04:37} Rad8 {(02:38} 17. Nc5 {(01:40} Bc8 {(00:
21} 18. Rad1 {(07:20} Kh8 {(08:05} 19. Rfe1 {(06:36}
a5 {(07:51} 20. f4 {(07:27} axb4 {(05:06} 21. axb4 {
(02:24} Rfe8 {(07:45} 22. fxe5 {(06:19} Bxe5 {(
00:16} 23. Bxe5 {(05:05} Qxe5 {(00:09} 24. b5 {(00:52}
Ng4 {(03:32} 25. d4 {(05:09} Qf6 {(01:26} 26. bxc6 {
(03:19} bxc6 {(03:47} 27. Qc1 {(00:39} f4 {(01:
20} 28. gxf4 {(02:28} Qh4 {(01:13} 29. h3 {(02:07}
Qf2+ {(06:52} 30. Kh1 {(00:04} Nxe3 {(00:41} 31. Rd2 {
(01:20} Qg3 {(00:17} 32. Rde2 {(00:20} Bxh3 {(
00:26} 33. Bxc6 {(00:54} Qh4 {(05:39} 34. Rxe3 {(00:17]
} Bd7+ {(00:20} 35. Kg1 {(00:16} Bxc6 {(00:18} 36.
Rxe8+ {(00:56} Bxe8 {(00:21} 37. Qe3 {(00:59} h6 {
(01:09} 38. Ne6 {(00:45} Qg4+ {(00:33} 39. Kf2 {
(00:12} Rb8 {(00:31} 40. Re2 {(00:00} Bc6 {(00:
00} 41. Qg3 {(05:24} Qxg3+ {(03:15} 42. Kxg3 {(00:23}
Rb3+ {(00:30} 43. Kh4 {(02:41} Bd7 {(10:59} 44. f5 {
(04:52} Rd3 {(03:00} 45. Re4 {(01:22} Kg8 {(10:
24} 46. Nxg7 {(05:46} Kxg7 {(01:54} 47. Re7+ {(00:04}
Kf6 {(00:09} 48. Rxd7 {(00:04} Kxf5 {(00:10} 49. Rd8 {
(01:01} Ke4 {(00:49} 50. Rd6 {(02:44} Rxd4 {(00:
12} 1/2-1/2

[Event "42nd Olympiad Baku 2016 Women"]
[Site "Baku"]
[Date "2016.09.08"]
[Round "6.6"]
[White "Sultana, Sharmin Shirin"]
[Black "Mayar ElIdrissi, Firdaous"]
[Result "1-0"]
[ECO "E91"]
[WhiteElo "2002"]
[BlackElo "1786"]
[Annotator ""]
[PlyCount "133"]
[EventDate "2016.??.??"]
[EventType "team-tourn"]
[EventCountry "AZE"]
[SourceTitle "playchess.com"]
[Source "ChessBase"]
[WhiteTeam "Bangladesh"]
[BlackTeam "Morocco"]
[WhiteTeamCountry "BAN"]
[BlackTeamCountry "MAR"]
[TimeControl "40/5400+30:1800+30"]

1. d4 {(00:00} d6 {(00:00} 2. Nf3 {(00:00} Nf6 {
(00:00} 3. c4 {(00:00} g6 {(00:11} 4. Nc3 {(00:
01} Bg7 {(00:05} 5. e4 {(00:08} O-O {(00:13} 6. Be2 {
(00:20} Nbd7 {(00:33} 7. O-O {(00:16} c5 {(00:
40} 8. Bg5 {(06:36} cxd4 {(04:42} 9. Nxd4 {(00:20} Qb6
{(03:07} 10. Nb3 {(04:36} Re8 {(10:23} 11. Be3 {
(02:07} Qd8 {(01:56} 12. Rc1 {(03:14} b6 {(00:
51} 13. Nd4 {(08:53} Bb7 {(01:38} 14. f3 {(00:15} Ne5
{(08:09} 15. b4 {(01:54} Qd7 {(07:33} 16. Qb3 {(
05:29} Rec8 {(00:53} 17. Rfd1 {(03:37} Qe8 {(03:10}
18. Bf1 {(16:29} Nfd7 {(02:58} 19. a4 {(08:15} Nc6 {
(07:53} 20. Nxc6 {(13:10} Bxc6 {(01:58} 21. Nd5 {
(01:53} Nf6 {(06:00} 22. Nc3 {(04:45} Bd7 {(04:
35} 23. Qa3 {(01:38} Qd8 {(09:37} 24. c5 {(01:11} bxc5
{(02:58} 25. bxc5 {(00:01} dxc5 {(07:24} 26. Bxc5 {
(00:05} e5 {(05:56} 27. Bb5 {(09:15} Qe8 {(01:
43} 28. Ba6 {(02:02} Rd8 {(02:11} 29. Bd6 {(01:44} Bf8
{(00:34} 30. Bb7 {(01:54} Rab8 {(00:24} 31. Bd5 {
(03:13} Bxd6 {(02:52} 32. Qxd6 {(00:04} Be6 {(
02:27} 33. Qxe5 {(00:52} Nxd5 {(02:04} 34. Nxd5 {(01:
23} Bxd5 {(00:19} 35. Qxe8+ {(00:05} Rxe8 {(00:12} 36.
Rxd5 {(00:01} Rec8 {(01:14} 37. Rxc8+ {(00:25} Rxc8 {
(00:01} 38. Rd7 {(00:20} Ra8 {(00:59} 39. a5 {(
00:47} Kg7 {(00:25} 40. Kf2 {(00:00} Kf6 {(00:00} 41.
g4 {(03:06} Ke6 {(00:37} 42. Rb7 {(05:08} h6 {(
01:48} 43. h4 {(00:31} g5 {(00:23} 44. h5 {(01:02} Kf6
{(00:43} 45. Ke3 {(00:08} Ke6 {(00:01} 46. Rc7 {
(04:54} Kf6 {(00:44} 47. f4 {(00:56} Kg7 {(03:
59} 48. e5 {(03:20} a6 {(01:33} 49. Rc6 {(03:08} Ra7 {
(02:39} 50. Ke4 {(00:28} gxf4 {(03:43} 51. Kxf4 {
(00:08} Ra8 {(04:46} 52. Kf5 {(00:19} Ra7 {(00:
31} 53. Rc8 {(04:28} Re7 {(04:42} 54. Rc6 {(00:11} Ra7
{(00:02} 55. Rb6 {(00:02} Ra8 {(00:36} 56. Rb7 {
(00:18} Re8 {(01:01} 57. Kf4 {(02:46} Rc8 {(00:
36} 58. Rb6 {(02:37} Ra8 {(00:09} 59. Ke4 {(01:10} Ra7
{(00:32} 60. Kd5 {(01:51} Kh7 {(00:26} 61. Kd6 {
(00:31} Kg7 {(00:02} 62. Rc6 {(00:50} Kf8 {(02:
11} 63. Rc8+ {(02:06} Kg7 {(00:01} 64. Rc7 {(00:03}
Ra8 {(00:00} 65. e6 {(00:24} Rf8 {(05:00} 66. e7 {
(00:18} Re8 {(00:11} 67. Kd7 {(00:05} 1-0

[Event "42nd Olympiad Baku 2016 Women"]
[Site "Baku"]
[Date "2016.09.08"]
[Round "6.8"]
[White "Sultana, Zakia"]
[Black "Ibrahimi Khadija"]
[Result "1-0"]
[ECO "A49"]
[WhiteElo "1885"]
[BlackElo "1565"]
[Annotator ""]
[PlyCount "101"]
[EventDate "2016.??.??"]
[EventType "team-tourn"]
[EventCountry "AZE"]
[SourceTitle "playchess.com"]
[Source "ChessBase"]
[WhiteTeam "Bangladesh"]
[BlackTeam "Morocco"]
[WhiteTeamCountry "BAN"]
[BlackTeamCountry "MAR"]
[TimeControl "40/5400+30:1800+30"]

1. d4 {(00:00} Nf6 {(00:00} 2. Nf3 {(00:00} g6 {
(00:24} 3. g3 {(01:04} Bg7 {(01:14} 4. Bg2 {(00:
12} O-O {(00:55} 5. O-O {(00:18} d6 {(01:31} 6. c4 {
(00:28} Nbd7 {(01:24} 7. Nc3 {(00:38} a6 {(09:
04} 8. e4 {(01:34} e5 {(04:02} 9. d5 {(07:03} Ne8 {
(06:19} 10. Be3 {(04:34} f5 {(01:52} 11. Bg5 {(
02:28} Nef6 {(01:45} 12. exf5 {(01:13} gxf5 {(00:51}
13. Rc1 {(03:03} Qe8 {(03:09} 14. Nh4 {(13:56} h6 {
(12:17} 15. Bd2 {(00:35} Nh7 {(01:34} 16. b4 {(
02:41} f4 {(07:55} 17. Ne4 {(02:14} Ng5 {(02:17} 18.
c5 {(05:52} Nxe4 {(06:33} 19. Bxe4 {(00:19} Nf6 {
(00:25} 20. Bg2 {(02:20} Bg4 {(09:14} 21. Qb3 {(
02:02} Qh5 {(02:28} 22. f3 {(03:03} Bf5 {(09:45} 23.
cxd6 {(04:00} cxd6 {(02:08} 24. Rc7 {(00:36} Rac8 {
(03:24} 25. Rfc1 {(01:04} Rxc7 {(02:05} 26. Rxc7 {
(00:13} fxg3 {(04:09} 27. hxg3 {(00:36} e4 {(02:
33} 28. Nxf5 {(10:16} Qxf5 {(00:31} 29. Bf4 {(02:12}
Qxd5 {(03:14} 30. fxe4 {(01:16} Qxb3 {(00:30} 31. axb3
{(00:09} Ne8 {(00:56} 32. Rxb7 {(00:30} Bd4+ {(
00:27} 33. Kh2 {(00:14} Rf6 {(00:47} 34. Bf1 {(01:03}
Kh8 {(00:31} 35. Rb8 {(01:42} Re6 {(00:43} 36. Bxa6 {
(01:43} Kg7 {(00:21} 37. Bd3 {(01:11} h5 {(00:
39} 38. Rb7+ {(00:53} Kf8 {(00:24} 39. Kg2 {(01:36}
Nf6 {(00:30} 40. Kf3 {(00:00} Ng4 {(00:00} 41. Rh7 {
(04:46} Ne5+ {(09:14} 42. Ke2 {(01:24} Ng4 {(03:
46} 43. Rxh5 {(02:02} Nf6 {(00:08} 44. Rf5 {(00:41}
Ke7 {(00:58} 45. Kf3 {(00:49} Nd7 {(03:24} 46. Bc4 {
(04:13} Ne5+ {(01:06} 47. Bxe5 {(00:28} Rxe5 {(
00:13} 48. g4 {(01:12} Rxf5+ {(00:54} 49. exf5 {(00:54]
} Kf6 {(00:50} 50. Ke4 {(00:18} Bg1 {(03:16} 51. Kd5 {
(00:32} 1-0

[Event "42nd Olympiad Baku 2016 Women"]
[Site "Baku"]
[Date "2016.09.08"]
[Round "6.19"]
[White "Szczepkowska-Horowska, Karina"]
[Black "Nguyen, Thi Mai Hung"]
[Result "1-0"]
[ECO "D45"]
[WhiteElo "2409"]
[BlackElo "2316"]
[Annotator ""]
[PlyCount "73"]
[EventDate "2016.??.??"]
[EventType "team-tourn"]
[EventCountry "AZE"]
[SourceTitle "playchess.com"]
[Source "ChessBase"]
[WhiteTeam "Poland"]
[BlackTeam "Vietnam"]
[WhiteTeamCountry "POL"]
[BlackTeamCountry "VIE"]
[TimeControl "40/5400+30:1800+30"]

1. d4 {(00:00} d5 {(00:00} 2. c4 {(00:00} c6 {(
00:00} 3. Nf3 {(00:10} Nf6 {(00:18} 4. Nc3 {(00:12} e6
{(00:09} 5. e3 {(00:14} Nbd7 {(00:13} 6. Qc2 {(
01:24} Bd6 {(00:24} 7. Bd3 {(00:11} O-O {(00:17} 8.
O-O {(00:05} h6 {(06:01} 9. Rd1 {(02:28} Qe7 {(
01:06} 10. e4 {(02:11} dxe4 {(00:51} 11. Nxe4 {(00:24}
Nxe4 {(00:10} 12. Bxe4 {(00:11} c5 {(00:21} 13. Qe2 {
(18:37} Nf6 {(12:51} 14. Bc2 {(02:30} b6 {(00:
40} 15. Ne5 {(03:31} Bb7 {(00:30} 16. Bf4 {(08:39}
Rfd8 {(01:18} 17. a3 {(05:24} Rac8 {(10:15} 18. Bg3 {
(06:13} Ba8 {(03:15} 19. Bh4 {(04:11} cxd4 {(06:
18} 20. Ng4 {(03:42} Bf4 {(14:47} 21. Nxf6+ {(02:16}
gxf6 {(01:37} 22. Qd3 {(00:23} Kf8 {(00:55} 23. Qh7 {
(02:55} Ke8 {(00:52} 24. Ba4+ {(04:34} Bc6 {(00:
18} 25. Bxc6+ {(02:14} Rxc6 {(00:07} 26. Qe4 {(00:51}
Qc7 {(06:42} 27. Bxf6 {(00:16} Rc8 {(01:29} 28. Qh7 {
(04:14} Rxc4 {(04:07} 29. Qg8+ {(04:15} Kd7 {(
00:06} 30. Qxf7+ {(00:08} Kd6 {(01:08} 31. Qg6 {(02:51]
} Qc5 {(07:23} 32. Qg7 {(06:27} Rc7 {(01:55} 33. Qf8+ {
(00:37} Kd5 {(01:14} 34. Qd8+ {(00:29} Qd6 {(00:
34} 35. b3 {(02:46} Rc1 {(01:14} 36. Qa8+ {(00:53} Qc6
{(04:02} 37. Raxc1 {(00:33} 1-0

[Event "42nd Olympiad Baku 2016 Women"]
[Site "Baku"]
[Date "2016.09.08"]
[Round "6.9"]
[White "Tan, Li Ting"]
[Black "Mona, Khaled"]
[Result "1/2-1/2"]
[ECO "E98"]
[WhiteElo "1993"]
[BlackElo "2175"]
[Annotator ""]
[PlyCount "103"]
[EventDate "2016.??.??"]
[EventType "team-tourn"]
[EventCountry "AZE"]
[SourceTitle "playchess.com"]
[Source "ChessBase"]
[WhiteTeam "Malaysia"]
[BlackTeam "Egypt"]
[WhiteTeamCountry "MAS"]
[BlackTeamCountry "EGY"]
[TimeControl "40/5400+30:1800+30"]

1. d4 {(00:00} Nf6 {(00:00} 2. c4 {(00:00} g6 {(
00:00} 3. Nc3 {(00:34} Bg7 {(00:00} 4. e4 {(00:06} d6
{(00:02} 5. Be2 {(01:43} O-O {(00:35} 6. Nf3 {(
00:10} e5 {(00:06} 7. O-O {(02:17} Nc6 {(00:05} 8. d5
{(01:15} Ne7 {(00:05} 9. Ne1 {(00:15} Nd7 {(00:
36} 10. Be3 {(02:38} f5 {(00:42} 11. f3 {(00:12} f4 {
(00:25} 12. Bf2 {(00:05} g5 {(01:32} 13. b4 {(
11:06} Nf6 {(02:37} 14. c5 {(02:20} Ng6 {(04:53} 15.
cxd6 {(09:24} cxd6 {(03:48} 16. Kh1 {(00:42} h5 {
(00:10} 17. Nb5 {(03:21} Rf7 {(02:07} 18. a4 {(
09:59} g4 {(04:54} 19. a5 {(10:29} g3 {(10:21} 20.
Bxa7 {(18:37} Rxa7 {(13:08} 21. Nxa7 {(00:07} Nh7 {
(00:21} 22. Nxc8 {(11:24} Qh4 {(00:05} 23. h3 {(
00:04} Ng5 {(00:04} 24. Kg1 {(02:13} Bf6 {(00:40} 25.
Bb5 {(04:45} Nxh3+ {(00:53} 26. gxh3 {(00:05} Qxh3 {
(00:04} 27. Qc2 {(03:44} Rc7 {(04:03} 28. Qg2 {(
02:38} Qxc8 {(00:07} 29. Ra2 {(00:18} Nh4 {(01:02} 30.
Qd2 {(02:45} Qh3 {(06:00} 31. Rc2 {(00:14} g2 {(
01:09} 32. Rxc7 {(01:37} Qh1+ {(02:54} 33. Kf2 {(00:04]
} gxf1=Q+ {(00:23} 34. Bxf1 {(00:08} Qh2+ {(00:27} 35.
Bg2 {(00:42} Nxg2 {(00:07} 36. Nxg2 {(00:54} Bh4+ {
(00:06} 37. Ke2 {(00:34} Qxg2+ {(00:06} 38. Kd1 {
(00:09} Qxf3+ {(00:06} 39. Qe2 {(00:15} Qb3+ {(
02:10} 40. Qc2 {(00:00} Qxb4 {(00:00} 41. Rc8+ {(09:23]
} Kf7 {(01:19} 42. Qc7+ {(02:38} Be7 {(00:07} 43. Qd7 {
(00:15} Qd4+ {(00:51} 44. Kc1 {(00:11} Qe3+ {(
00:49} 45. Kd1 {(02:44} Qb3+ {(05:02} 46. Kc1 {(03:47}
Qa3+ {(01:33} 47. Kc2 {(01:02} Qa2+ {(01:38} 48. Kc1 {
(00:08} Qa1+ {(00:06} 49. Kc2 {(00:09} Qa2+ {(
00:06} 50. Kc1 {(00:41} Qa1+ {(00:06} 51. Kc2 {(00:19}
Qa2+ {(00:07} 52. Kc1 {(00:06} 1/2-1/2

[Event "42nd Olympiad Baku 2016 Women"]
[Site "Baku"]
[Date "2016.09.08"]
[Round "6.23"]
[White "Tania, Sachdev"]
[Black "Berzina, Ilze"]
[Result "0-1"]
[ECO "D17"]
[WhiteElo "2402"]
[BlackElo "2241"]
[Annotator ""]
[PlyCount "78"]
[EventDate "2016.??.??"]
[EventType "team-tourn"]
[EventCountry "AZE"]
[SourceTitle "playchess.com"]
[Source "ChessBase"]
[WhiteTeam "India"]
[BlackTeam "Latvia"]
[WhiteTeamCountry "IND"]
[BlackTeamCountry "LAT"]
[TimeControl "40/5400+30:1800+30"]

1. d4 {(00:00} d5 {(00:00} 2. c4 {(00:00} c6 {(
00:00} 3. Nf3 {(00:00} Nf6 {(00:08} 4. Nc3 {(00:03}
dxc4 {(00:13} 5. a4 {(00:10} Bf5 {(00:20} 6. Ne5 {
(00:12} Nbd7 {(01:03} 7. Nxc4 {(00:12} Nb6 {(00:
30} 8. Ne5 {(00:32} a5 {(00:48} 9. e3 {(03:47} h6 {
(03:09} 10. Be2 {(05:11} e6 {(01:49} 11. O-O {(
00:56} Bb4 {(02:27} 12. f3 {(03:58} O-O {(01:26} 13.
e4 {(01:04} Bh7 {(00:13} 14. Be3 {(00:32} Nfd7 {
(04:05} 15. Nd3 {(08:00} Bd6 {(03:04} 16. Qb3 {(
21:06} Qe7 {(25:10} 17. Rfd1 {(12:17} Rfd8 {(02:51}
18. Rac1 {(02:37} Kh8 {(09:12} 19. Nf2 {(10:54} Bc7 {
(17:01} 20. Nd3 {(03:09} Bd6 {(04:59} 21. Bf1 {(
01:27} Rac8 {(03:35} 22. d5 {(03:07} c5 {(01:22} 23.
dxe6 {(00:37} c4 {(04:54} 24. Qb5 {(04:08} fxe6 {
(01:14} 25. e5 {(05:33} Bc7 {(04:22} 26. Nf2 {(
05:30} Nd5 {(03:29} 27. Nxd5 {(01:24} exd5 {(00:01}
28. f4 {(00:53} Nxe5 {(02:12} 29. fxe5 {(00:12} Qxe5 {
(00:07} 30. Ng4 {(00:01} Qe6 {(02:09} 31. h3 {(
05:46} h5 {(00:42} 32. Bg5 {(00:04} hxg4 {(00:10} 33.
Bxd8 {(00:30} Rxd8 {(00:19} 34. Re1 {(00:45} Be4 {
(01:58} 35. Qxb7 {(01:50} Qd6 {(00:56} 36. Rxe4 {
(00:23} dxe4 {(00:39} 37. Qxe4 {(00:37} Rf8 {(
00:43} 38. g3 {(00:45} Qxg3+ {(00:05} 39. Bg2 {(00:18}
Qh2# 0-1

[Event "42nd Olympiad Baku 2016 Women"]
[Site "Baku"]
[Date "2016.09.08"]
[Round "6.21"]
[White "Terao, Juliana Sayumi"]
[Black "Smith, Olivia"]
[Result "1-0"]
[ECO "C42"]
[WhiteElo "2268"]
[BlackElo "2002"]
[Annotator ""]
[PlyCount "85"]
[EventDate "2016.??.??"]
[EventType "team-tourn"]
[EventCountry "AZE"]
[SourceTitle "playchess.com"]
[Source "ChessBase"]
[WhiteTeam "Brazil"]
[BlackTeam "Wales"]
[WhiteTeamCountry "BRA"]
[BlackTeamCountry "WLS"]
[TimeControl "40/5400+30:1800+30"]

1. e4 {(00:00} e5 {(00:00} 2. Nf3 {(00:00} Nf6 {
(00:00} 3. Nc3 {(00:00} Bb4 {(00:05} 4. Nxe5 {(
00:37} O-O {(00:16} 5. Be2 {(00:31} Re8 {(00:24} 6.
Nd3 {(00:07} Bxc3 {(00:18} 7. dxc3 {(00:07} Nxe4 {
(00:05} 8. O-O {(00:26} d5 {(01:08} 9. Nf4 {(01:
30} c6 {(00:59} 10. Be3 {(00:38} Nd7 {(02:49} 11. Re1
{(02:09} Nf8 {(04:47} 12. Bf1 {(02:05} Ne6 {(09:
11} 13. Nd3 {(10:56} Qf6 {(19:48} 14. f3 {(01:31} Nd6
{(03:19} 15. a4 {(04:29} Bd7 {(11:59} 16. a5 {(
01:14} Nc4 {(02:09} 17. Bf2 {(01:04} Nf4 {(13:52} 18.
Nxf4 {(36:57} Qxf4 {(03:40} 19. Rxe8+ {(01:34} Bxe8 {
(01:22} 20. b3 {(00:56} Ne5 {(03:42} 21. Qe2 {(
03:33} f6 {(03:17} 22. Bg3 {(07:12} Qf5 {(00:24} 23.
f4 {(00:32} Bh5 {(04:46} 24. Qd2 {(01:26} Ng6 {(
03:46} 25. Re1 {(01:31} Qd7 {(00:23} 26. c4 {(00:31}
d4 {(02:46} 27. c5 {(00:18} Ne7 {(01:30} 28. c3 {
(00:31} Nf5 {(01:42} 29. Bf2 {(00:48} Rd8 {(00:
43} 30. h3 {(05:08} Bf7 {(00:55} 31. c4 {(01:24} d3 {
(00:25} 32. Rd1 {(01:07} Qc7 {(03:01} 33. Bxd3 {
(01:29} Bg6 {(00:20} 34. b4 {(03:45} Ne7 {(00:
58} 35. Qe2 {(01:38} Bxd3 {(00:30} 36. Rxd3 {(00:07}
Rxd3 {(00:16} 37. Qxd3 {(00:03} Qxf4 {(00:23} 38. Qd6 {
(00:23} Qc1+ {(00:25} 39. Kh2 {(00:04} Kf7 {(00:
23} 40. Qb8 {(00:00} Qd2 {(00:00} 41. Bg3 {(03:04}
Qxb4 {(01:42} 42. a6 {(00:24} b5 {(05:18} 43. cxb6 {
(00:53} 1-0